[ AOE2 MATCH · #477516947 ]
UnrankedTatars vs Franks
Player's team · LOSS
Rival team · WIN
[ REPLAY ANALYSIS · EXTRACTED FROM THE RECORDED GAME ]
Feudal
10:36
Castle
17:48
Imperial
—
| APM avg | 42.8 |
| APM peak | 75 |
| eAPM avg | 20.2 |
| Villagers / military | 56 / 32 |
Focus
⚔️ 32.6% · 🌾 67.4%
Cavalry Archer ×17 · Monk ×6 · Camel Scout ×4 · Spearman ×3 · Archer ×2
Feudal
10:06
Castle
20:18
Imperial
—
| APM avg | 53.9 |
| APM peak | 95 |
| eAPM avg | 31.3 |
| Villagers / military | 76 / 64 |
Focus
⚔️ 59.6% · 🌾 40.4%
Knight ×56 · Scout Cavalry ×8
Match map
Initial resources + every placement click. Lines = walls · curves = elevation contours. ◆ gold · ⬟ stone · ● berries · ✦ relic · ◌ wall gap
Your base· ✓ Closed at 17:48 · 33t walls · 1 gate(s)
julian avila's base· Open — 9t gap
Smoothed initial terrain · ◌ = detected wall gap · hover for details
Inputs per minute
— Pill - - julian avila
Build order — Pill
First 150 of 151 actions detected
| 0:00 | Create | Villager (Male) |
| 0:00 | Create | Villager (Male) |
| 0:01 | Create | Villager (Male) |
| 0:02 | Build | House |
| 0:03 | Build | House |
| 0:23 | Create | Villager (Male) |
| 1:35 | Create | Villager (Male) |
| 1:43 | Build | Lumber Camp |
| 1:49 | Create | Villager (Male) |
| 2:27 | Create | Villager (Male) |
| 2:48 | Create | Villager (Male) |
| 2:55 | Create | Villager (Male) |
| 3:27 | Create | Villager (Male) |
| 3:49 | Build | House |
| 4:03 | Create | Villager (Male) |
| 4:19 | Build | Palisade Wall |
| 4:36 | Create | Villager (Male) |
| 4:36 | Create | Villager (Male) |
| 4:47 | Create | Villager (Male) |
| 5:28 | Create | Villager (Male) |
| 5:37 | Build | Mill |
| 5:38 | Create | Villager (Male) |
| 5:41 | Build | Mill |
| 5:45 | Build | Mill |
| 5:45 | Create | Villager (Male) |
| 5:53 | Create | Villager (Male) |
| 6:06 | Build | House |
| 6:10 | Build | Palisade Wall |
| 6:28 | Create | Villager (Male) |
| 6:59 | Build | Barracks |
| 7:05 | Create | Villager (Male) |
| 7:10 | Create | Villager (Male) |
| 7:36 | Create | Villager (Male) |
| 8:11 | Build | House |
| 8:14 | Build | Palisade Wall |
| 8:26 | Research | Feudal Age |
| 8:28 | Build | Mining Camp |
| 9:11 | Research | Loom |
| 10:36 | Age | Feudal Age |
| 10:42 | Build | Archery Range |
| 10:43 | Build | House |
| 10:49 | Create | Villager (Male) |
| 10:59 | Create | Spearman |
| 11:09 | Create | Villager (Male) |
| 11:32 | Create | Villager (Male) |
| 11:45 | Build | Palisade Wall |
| 11:48 | Build | Palisade Wall |
| 11:53 | Create | Villager (Male) |
| 12:19 | Create | Villager (Male) |
| 12:22 | Build | Mill |
| 12:42 | Build | Palisade Wall |
| 12:58 | Build | Palisade Wall |
| 13:14 | Build | Palisade Gate |
| 13:15 | Create | Villager (Male) |
| 13:17 | Build | Blacksmith |
| 13:32 | Build | Farm |
| 13:35 | Build | Farm |
| 13:49 | Build | Farm |
| 14:06 | Create | Villager (Male) |
| 14:14 | Create | Villager (Male) |
| 14:43 | Create | Spearman |
| 15:08 | Research | Castle Age |
| 15:19 | Build | Lumber Camp |
| 15:45 | Create | Spearman |
| 15:48 | Build | Farm |
| 15:49 | Build | Farm |
| 15:50 | Build | Farm |
| 15:52 | Create | Villager (Male) |
| 16:38 | Research | Double-Bit Axe |
| 17:02 | Build | Archery Range |
| 17:48 | Age | Castle Age |
| 17:57 | Build | Town Center |
| 18:01 | Build | House |
| 18:06 | Build | House |
| 18:08 | Build | House |
| 18:17 | Create | Villager (Male) |
| 18:31 | Build | Lumber Camp |
| 18:42 | Research | Fletching |
| 18:52 | Create | Cavalry Archer ×5 |
| 18:53 | Create | Cavalry Archer ×4 |
| 18:55 | Create | Villager (Male) |
| 19:39 | Build | Farm |
| 19:40 | Build | Farm |
| 19:41 | Create | Villager (Male) |
| 19:41 | Create | Villager (Male) |
| 19:50 | Build | Farm |
| 20:02 | Create | Villager (Male) |
| 20:24 | Create | Cavalry Archer |
| 20:29 | Build | Stable |
| 20:33 | Create | Villager (Male) |
| 20:39 | Create | Villager (Male) |
| 20:52 | Create | Villager (Male) |
| 21:04 | Build | House |
| 21:10 | Build | Farm |
| 21:11 | Build | House |
| 21:14 | Create | Camel Scout |
| 21:14 | Create | Camel Scout |
| 21:14 | Create | Camel Scout |
| 21:30 | Build | Farm |
| 21:44 | Build | Monastery |
| 21:59 | Create | Villager (Male) |
| 22:05 | Create | Cavalry Archer |
| 22:11 | Create | Monk |
| 22:18 | Research | Bloodlines |
| 22:46 | Research | Husbandry |
| 22:53 | Build | Farm |
| 22:58 | Build | Lumber Camp |
| 22:58 | Create | Villager (Male) |
| 23:16 | Create | Cavalry Archer |
| 23:16 | Create | Cavalry Archer |
| 23:59 | Create | Villager (Male) |
| 24:00 | Create | Villager (Male) |
| 24:11 | Build | University |
| 24:22 | Create | Cavalry Archer |
| 24:27 | Create | Villager (Male) |
| 24:30 | Create | Camel Scout |
| 24:31 | Create | Villager (Male) |
| 24:33 | Build | Farm |
| 24:35 | Create | Villager (Male) |
| 24:39 | Build | House |
| 24:54 | Create | Villager (Male) |
| 25:00 | Build | Town Center |
| 25:06 | Build | Farm |
| 25:12 | Research | Padded Archer Armor |
| 25:14 | Create | Villager (Male) |
| 25:15 | Create | Villager (Male) |
| 25:20 | Build | House |
| 25:20 | Build | House |
| 25:21 | Build | House |
| 25:36 | Create | Villager (Male) |
| 26:00 | Create | Villager (Male) |
| 26:00 | Create | Villager (Male) |
| 26:20 | Build | House |
| 26:22 | Research | Ballistics |
| 26:24 | Create | Villager (Male) |
| 26:32 | Create | Villager (Male) |
| 26:59 | Build | Stable |
| 27:01 | Build | Stable |
| 27:04 | Create | Cavalry Archer ×3 |
| 27:19 | Build | House |
| 27:44 | Create | Monk |
| 27:45 | Create | Monk |
| 28:10 | Create | Monk |
| 28:25 | Create | Villager (Male) |
| 28:32 | Create | Archer |
| 28:32 | Create | Archer |
| 28:56 | Research | Wheelbarrow |
| 29:23 | Create | Villager (Male) |
| 29:30 | Create | Monk |
| 29:30 | Create | Monk |
Build order — julian avila
First 150 of 218 actions detected
| 0:00 | Create | Villager (Male) |
| 0:01 | Create | Villager (Male) |
| 0:01 | Create | Villager (Male) |
| 0:01 | Create | Villager (Male) |
| 0:02 | Create | Villager (Male) |
| 0:03 | Build | House |
| 0:05 | Build | House |
| 1:25 | Create | Villager (Male) |
| 1:45 | Build | Lumber Camp |
| 1:58 | Create | Villager (Male) |
| 2:14 | Create | Villager (Male) |
| 2:54 | Create | Villager (Male) |
| 3:01 | Create | Villager (Male) |
| 3:24 | Build | House |
| 3:41 | Create | Villager (Male) |
| 3:41 | Create | Villager (Male) |
| 4:00 | Build | Mill |
| 4:06 | Create | Villager (Male) |
| 4:06 | Create | Villager (Male) |
| 4:34 | Create | Villager (Male) |
| 4:35 | Create | Villager (Male) |
| 4:35 | Create | Villager (Male) |
| 5:12 | Create | Villager (Male) |
| 5:14 | Create | Villager (Male) |
| 5:14 | Create | Villager (Male) |
| 5:32 | Create | Villager (Male) |
| 5:32 | Create | Villager (Male) |
| 5:48 | Build | House |
| 6:00 | Create | Villager (Male) |
| 6:11 | Create | Villager (Male) |
| 6:11 | Create | Villager (Male) |
| 7:31 | Research | Loom |
| 7:32 | Research | Feudal Age |
| 8:28 | Build | Lumber Camp |
| 8:52 | Build | Barracks |
| 8:57 | Create | Villager (Male) |
| 10:06 | Age | Feudal Age |
| 10:08 | Build | Stable |
| 10:10 | Research | Double-Bit Axe |
| 10:10 | Research | Double-Bit Axe |
| 10:26 | Create | Villager (Male) |
| 10:44 | Create | Villager (Male) |
| 10:49 | Create | Scout Cavalry |
| 10:49 | Create | Scout Cavalry |
| 10:58 | Create | Villager (Male) |
| 11:00 | Build | House |
| 11:04 | Create | Villager (Male) |
| 11:06 | Build | Farm |
| 11:08 | Build | Farm |
| 11:12 | Build | Farm |
| 11:16 | Build | Farm |
| 11:19 | Build | Farm |
| 11:30 | Build | House |
| 11:33 | Build | House |
| 11:46 | Build | Farm |
| 11:47 | Build | Farm |
| 11:49 | Create | Villager (Male) |
| 11:55 | Create | Scout Cavalry |
| 12:07 | Build | Farm |
| 12:09 | Build | Farm |
| 12:15 | Build | Farm |
| 12:16 | Build | Farm |
| 12:17 | Create | Villager (Male) |
| 12:21 | Build | Farm |
| 12:40 | Create | Villager (Male) |
| 12:43 | Build | Farm |
| 12:52 | Create | Scout Cavalry |
| 12:52 | Create | Scout Cavalry |
| 13:07 | Build | Farm |
| 13:09 | Create | Scout Cavalry |
| 13:09 | Create | Scout Cavalry |
| 13:13 | Build | House |
| 13:29 | Create | Scout Cavalry |
| 13:37 | Create | Villager (Male) |
| 13:40 | Build | Farm |
| 14:16 | Create | Villager (Male) |
| 14:18 | Build | Mining Camp |
| 14:36 | Research | Wheelbarrow |
| 15:08 | Create | Villager (Male) |
| 15:27 | Build | Blacksmith |
| 15:46 | Build | Stable |
| 16:18 | Create | Villager (Male) |
| 16:48 | Create | Villager (Male) |
| 17:13 | Build | Market |
| 17:38 | Research | Castle Age |
| 17:38 | Research | Castle Age |
| 18:23 | Research | Gold Mining |
| 18:23 | Research | Gold Mining |
| 18:46 | Research | Scale Barding Armor |
| 18:49 | Build | Farm |
| 19:21 | Research | Forging |
| 19:21 | Research | Forging |
| 19:28 | Create | Villager (Male) |
| 19:40 | Build | Stable |
| 20:00 | Create | Villager (Male) |
| 20:05 | Build | Farm |
| 20:07 | Build | Farm |
| 20:09 | Build | Farm |
| 20:18 | Age | Castle Age |
| 20:20 | Create | Knight |
| 20:20 | Create | Knight |
| 20:20 | Create | Knight |
| 20:20 | Create | Knight |
| 20:31 | Build | Farm |
| 20:32 | Build | Farm |
| 20:36 | Create | Knight |
| 20:36 | Create | Knight |
| 20:46 | Research | Husbandry |
| 20:46 | Research | Husbandry |
| 20:55 | Create | Knight |
| 20:55 | Create | Knight |
| 20:59 | Build | House |
| 21:04 | Build | House |
| 21:06 | Build | House |
| 21:08 | Create | Villager (Male) |
| 21:11 | Create | Villager (Male) |
| 21:13 | Build | House |
| 21:14 | Build | House |
| 21:20 | Research | Town Watch |
| 21:21 | Create | Knight |
| 21:21 | Create | Knight |
| 21:30 | Create | Knight |
| 21:30 | Create | Knight |
| 21:41 | Create | Villager (Male) |
| 21:43 | Create | Knight |
| 21:43 | Create | Knight |
| 22:29 | Build | House |
| 22:40 | Build | House |
| 22:46 | Create | Knight |
| 22:46 | Create | Knight |
| 22:46 | Create | Knight |
| 22:47 | Create | Villager (Male) |
| 22:48 | Create | Villager (Male) |
| 22:55 | Build | Mining Camp |
| 22:55 | Create | Villager (Male) |
| 22:56 | Create | Knight |
| 22:56 | Create | Knight |
| 23:12 | Research | Chain Barding Armor |
| 23:12 | Research | Chain Barding Armor |
| 23:29 | Create | Villager (Male) |
| 23:30 | Create | Knight |
| 23:30 | Create | Knight |
| 23:42 | Build | Town Center |
| 24:04 | Create | Knight |
| 24:04 | Create | Knight |
| 24:10 | Create | Villager (Male) |
| 24:20 | Create | Knight |
| 24:23 | Create | Villager (Male) |
| 24:30 | Build | House |
| 24:40 | Create | Knight |
Match timeline
| 4:19 | Pill · wall_segment Palisade Wall x2 |
| 6:10 | Pill · wall_segment Palisade Wall x4 |
| 6:59 | Pill · first_building Barracks |
| 8:14 | Pill · wall_segment Palisade Wall x4 |
| 8:52 | julian avila · first_building Barracks |
| 10:06 | julian avila · age_up feudal |
| 10:08 | julian avila · first_building Stable |
| 10:36 | Pill · age_up feudal |
| 10:42 | Pill · first_building Archery Range |
| 11:45 | Pill · wall_segment Palisade Wall x6 |
| 11:48 | Pill · wall_segment Palisade Wall x7 |
| 12:42 | Pill · wall_segment Palisade Wall x6 |
| 12:58 | Pill · wall_segment Palisade Wall x5 |
| 17:48 | Pill · age_up castle |
| 20:18 | julian avila · age_up castle |
| 20:29 | Pill · first_building Stable |
| 21:44 | Pill · first_building Monastery |
| 29:44 | julian avila · first_building Siege Workshop |
| 30:13 | Pill · resign |
[ AI ANALYSIS · 1 CREDIT ]
What really happened in this match?
Wolo.gg analyzes every decision: build order, eco, micro, common mistakes by bracket. Personalized analysis on WhatsApp or Discord in 30 seconds.
Civ guide
Tatars
Perfil
Pill